Map: Avalon Labs

Players

Dagoret - Winner!

  • Race: Terran Terran
  • League: Diamond
  • Spawn Location: 11:00

ChugunOK - Winner!

  • Race: Terran Terran
  • Spawn Location: 12:00

Ciccrebonz - Winner!

  • Race: Protoss Protoss
  • League: Silver
  • Spawn Location: 12:00

Loken

  • Race: Zerg Zerg
  • League: Platinum
  • Spawn Location: 5:00

Myran

  • Race: Protoss Protoss
  • Spawn Location: 6:00

dallaskuken

  • Race: Protoss Protoss
  • League: Platinum
  • Spawn Location: 6:00

VOD

Have the link to the VOD?

Description

Time

  • Played on: April 5, 2017, 4:24 p.m.
  • Length: 15:00
Show
View Real Time Build Order
Export as new Build Order

Dagoret Terran - Winner!

Build Orders: MMM Bio 

Get SALT Encoding   

  12  0:00  SCV  
  13  0:13  SCV  
  14  0:25  Supply Depot, SCV  
  15  0:47  SCV  
  15  0:48  Barracks  
  16  0:50  Refinery  
  16  0:56  Refinery  
  16  0:59  SCV  
  17  1:11  SCV  
  17  1:15  Barracks  
  18  1:26  SCV  
  19  1:35  Reaper  
  19  1:36  Supply Depot  
  19  1:39  SCV  
  21  1:52  Orbital Command  
  21  2:09  Barracks  
  21  2:11  Reaper  
  21  2:14  Reaper  
  23  2:20  SCV  
  24  2:32  SCV  
  24  2:35  Supply Depot  
  25  2:43  Reaper  
  26  2:44  SCV  
  26  2:47  Reaper  
  28  2:52  Supply Depot  
  28  2:56  SCV  
  28  2:57  Reaper  
  30  3:15  Reaper  
  30  3:19  Reaper  
  32  3:29  Reaper  
  33  3:46  SCV  
  33  3:47  Reaper  
  33  3:48  Engineering Bay  
  35  3:51  Reaper  
  36  3:59  Command Center  
  30  4:26  Barracks Tech Lab x2  
  30  4:29  SCV  
  31  4:33  Barracks Reactor  
  31  4:41  Command Center, Refinery  
  31  4:46  Refinery  
  31  4:47  Missile Turret  
  31  4:49  Sensor Tower  
  27  5:19  Marine  
  27  5:20  Marine x3, Combat Shields  
  27  5:21  Stimpack  
  30  5:24  SCV  
  30  5:26  Orbital Command  
  31  5:36  SCV  
  31  5:37  Marine x2  
  31  5:38  Marine  
  31  5:41  Marauder  
  37  5:48  SCV  
  38  5:50  Factory  
  38  5:53  SCV  
  38  5:55  Marine x3  
  42  5:58  Orbital Command  
  42  6:00  SCV  
  42  6:02  Marine  
  44  6:05  SCV  
  45  6:12  SCV  
  45  6:13  Marine  
  45  6:17  SCV  
  45  6:18  Marine  
  48  6:19  Marauder  
  48  6:20  Marine  
  48  6:24  SCV  
  53  6:29  SCV  
  53  6:30  Marine  
  55  6:33  Factory Reactor  
  55  6:34  Starport  
  55  6:36  Marine  
  55  6:38  Marine  
  57  6:47  Missile Turret  
  55  6:57  Marine x4  
  59  7:07  Command Center  
  59  7:15  Marine x4  
  60  7:17  SCV x2  
  60  7:18  SCV  
  60  7:19  Medivac  
  60  7:20  Medivac  
  70  7:24  Concussive Shells  
  70  7:25  Factory Tech Lab  
  70  7:29  SCV x2, Supply Depot  
  72  7:30  Terran Infantry Weapons Level 1, SCV  
  72  7:31  Supply Depot  
  72  7:33  Marine  
  72  7:34  Supply Depot  
  74  7:41  SCV  
  74  7:42  SCV x2  
  77  7:50  Medivac x2  
  77  7:51  Siege Tank  
  84  8:28  Siege Tank, Medivac x2  
  84  8:29  Marine x2, Marauder  
  84  8:30  Marauder  
  97  8:35  Armory, Engineering Bay  
  97  8:47  Marine  
  93  8:51  Marauder  
  89  9:25  Marine x3  
  89  9:26  Marauder  
  94  9:43  Marine x2  
  94  9:44  Marauder, Siege Tank, Medivac x2  
  105  9:47  Marauder  
  107  10:01  Marine x2  
  107  10:05  Marauder  
  111  10:08  Marauder  
  113  10:19  Marine x2  
  115  10:26  Marine  
  115  10:40  Marauder  
  101  10:47  Marine x2, Medivac x2  
  101  10:48  Marauder  
  103  10:52  Starport  
  103  10:54  Barracks  
  103  10:55  Barracks  
  103  11:00  Barracks  
  103  11:01  Marine, Barracks  
  103  11:04  Siege Tank  
  107  11:05  Marine x2  
  107  11:08  Marine, Orbital Command  
  107  11:10  SCV x2  
  113  11:11  SCV  
  113  11:18  Command Center  
  113  11:19  Medivac  
  113  11:22  Supply Depot  
  113  11:23  SCV  
  113  11:25  Supply Depot  
  116  11:27  Supply Depot  
  116  11:28  Supply Depot  
  116  11:44  Marine, Marauder, SCV x3, Medivac  
  124  11:56  SCV  
  102  12:11  Marine x2, Siege Tank  
  102  12:12  Marauder  
  102  12:13  Barracks Reactor x2, Barracks Tech Lab x2  
  102  12:15  Starport Tech Lab  
  109  12:16  Terran Infantry Armor Level 1  
  109  12:17  Terran Infantry Weapons Level 2  
  109  12:18  Terran Vehicle And Ship Armor Level 1  
  109  12:24  Marine  
  109  12:29  Marine x2  
  112  12:33  Marauder  
  114  12:42  Marauder  
  114  12:43  Siege Tank  
  112  12:47  Marine  
  108  12:54  Marauder  
  108  13:01  Marine x2  
  108  13:02  Marine x3, Marauder x2  
  108  13:04  Marauder  
  108  13:05  Marine  
  116  13:16  Marauder  
  116  13:19  Marine x3  
  120  13:20  Marine x2  
  120  13:22  Marine  
  120  13:23  Marauder x2  
  120  13:25  Marauder  
  109  13:36  Missile Turret  
  109  13:37  Marine x5, Marauder, Missile Turret x3  
  109  13:39  Missile Turret  
  109  13:40  Marine  
  117  13:44  Marauder  
  117  13:45  Marauder  
  117  13:46  Marauder  
  117  13:55  Marine  
  112  13:59  Marauder  
  106  14:06  Marauder x2  
  106  14:07  Marine x6  
Show
View Real Time Build Order
Export as new Build Order

ChugunOK Terran - Winner!

Build Orders:  

Get SALT Encoding   

  12  0:01  SCV  
  13  0:13  SCV  
  14  0:17  Supply Depot  
  14  0:25  SCV  
  15  0:39  SCV  
  15  0:40  Barracks  
  16  0:47  Refinery  
  16  1:05  SCV  
  17  1:17  SCV  
  18  1:24  Barracks  
  18  1:29  Barracks  
  18  1:36  Reaper  
  18  1:38  Orbital Command  
  19  1:43  Supply Depot  
  19  1:51  Refinery  
  19  2:05  SCV  
  19  2:08  Reaper  
  21  2:13  Reaper  
  22  2:17  SCV  
  23  2:28  Reaper, Supply Depot  
  25  2:37  SCV  
  25  2:41  Reaper  
  26  2:45  Reaper  
  27  3:00  Reaper  
  27  3:01  Supply Depot  
  28  3:30  Reaper x2  
  28  3:32  Reaper  
  31  4:02  Reaper  
  31  4:03  Reaper  
  32  4:15  Reaper  
  32  4:16  SCV  
  34  4:20  Command Center  
  34  4:23  Supply Depot  
  34  4:35  Reaper x2  
  33  4:47  Reaper  
  33  5:07  Reaper  
  30  5:27  Engineering Bay  
  30  5:30  Engineering Bay  
  30  5:34  Barracks Tech Lab  
  30  5:35  Barracks Reactor  
  28  6:13  Stimpack  
  28  6:15  Marine x2, Marauder  
  28  6:17  Terran Infantry Armor Level 1, Barracks Reactor, Terran Infantry Weapons Level 1  
  32  6:25  Missile Turret  
  32  6:27  SCV  
  32  6:28  Missile Turret  
  32  6:29  Supply Depot  
  32  6:31  Orbital Command  
  33  6:35  Missile Turret  
  33  6:38  Marine x2, Marauder  
  37  6:55  Marine x2  
  37  6:56  Marine x2  
  37  6:59  Marauder  
  43  7:02  SCV x2  
  45  7:09  Missile Turret  
  45  7:13  Marine x2  
  45  7:14  SCV x2  
  49  7:20  Factory  
  49  7:21  Marauder  
  50  7:23  Marine x2  
  50  7:28  Missile Turret  
  51  7:30  SCV  
  51  7:31  Marine x2, SCV, Refinery  
  55  7:41  Marine x2  
  55  7:42  Marauder  
  59  7:51  Marine x2, Supply Depot  
  59  7:54  SCV x2  
  63  7:59  Refinery  
  63  8:04  Marauder  
  65  8:07  Starport  
  65  8:09  Armory  
  65  8:12  Marine  
  65  8:14  Supply Depot  
  65  8:19  Supply Depot  
  66  8:25  Marauder  
  68  8:28  Marine x2  
  68  8:30  SCV x2  
  72  8:45  SCV x2  
  72  8:46  Marauder  
  72  8:47  Factory Reactor  
  76  9:08  Marauder  
  74  9:29  Marauder  
  73  10:06  SCV x2  
  75  10:07  Marine x3, Marauder  
  75  10:08  Marine  
  75  10:13  Barracks  
  81  10:16  Barracks  
  81  10:17  Medivac x2  
  81  10:20  Terran Infantry Weapons Level 2, Terran Infantry Armor Level 2  
  85  10:25  Marine  
  86  10:29  Marauder  
  79  10:47  Medivac x2  
  83  10:50  Marauder  
  83  10:55  Marine x3  
  83  10:56  Marine  
  89  10:59  SCV x2  
  91  11:05  Barracks  
  91  11:11  Command Center, SCV x2  
  93  11:12  Marauder  
  93  11:13  Marine  
  93  11:17  Medivac x2  
  100  11:19  Missile Turret  
  100  11:33  Marauder  
  102  11:41  SCV x2  
  102  11:43  Supply Depot  
  102  11:47  Medivac x2  
  104  11:54  Marauder  
  106  12:16  Marauder  
  106  12:17  Viking x2  
  112  12:23  Barracks Tech Lab x2  
  112  12:24  Marine  
  113  12:34  SCV x2  
  115  12:37  Marauder  
  115  12:39  Orbital Command  
  117  12:47  Viking x2  
  95  12:58  Marauder  
  89  13:19  Marine  
  89  13:20  Marauder, Marine x3  
  89  13:21  Marauder x2  
  92  13:37  Marine  
  92  13:38  Marine  
  94  13:41  Marauder  
  94  13:42  Marauder x2  
  95  13:50  Marine x2  
  95  13:55  Marine  
  97  13:56  Marine  
  98  14:03  Marauder x2  
  98  14:04  Marauder, SCV  
  98  14:08  Marine x2  
  99  14:21  SCV x2, Missile Turret  
  103  14:24  Marauder  
  103  14:25  Marauder x2  
  107  14:43  Refinery  
  107  14:47  Barracks Tech Lab  
Show
View Real Time Build Order
Export as new Build Order

Ciccrebonz Protoss - Winner!

Build Orders: Oracle Opening 

Get SALT Encoding   

  12  0:02  Probe (Chrono Boost)  
  13  0:12  Probe (Chrono Boost)  
  14  0:19  Pylon  
  14  0:28  Assimilator  
  14  0:40  Gateway  
  14  0:51  Probe (Chrono Boost)  
  16  1:18  Probe (Chrono Boost)  
  16  1:23  Assimilator  
  16  1:28  Pylon  
  16  1:29  Probe (Chrono Boost)  
  17  1:34  Cybernetics Core  
  17  1:37  Pylon  
  17  1:43  Probe (Chrono Boost)  
  19  1:54  Probe (Chrono Boost)  
  18  2:05  Probe (Chrono Boost)  
  19  2:16  Probe (Chrono Boost)  
  19  2:22  Nexus  
  20  2:34  Probe (Chrono Boost)  
  20  2:36  Warp Gate  
  21  2:46  Probe (Chrono Boost), Stargate  
  22  2:57  Mothership Core (Chrono Boost)  
  24  3:04  Stalker  
  26  3:14  Pylon  
  26  3:26  Oracle  
  26  3:30  Probe (Chrono Boost)  
  30  3:37  Probe (Chrono Boost)  
  32  3:42  Probe (Chrono Boost)  
  32  3:47  Probe (Chrono Boost)  
  33  3:50  Stargate  
  33  3:54  Probe (Chrono Boost)  
  33  3:55  Stalker  
  36  3:59  Probe (Chrono Boost)  
  37  4:09  Forge  
  37  4:24  Void Ray  
  37  4:28  Probe (Chrono Boost)  
  37  4:29  Probe (Chrono Boost)  
  43  4:47  Protoss Air Weapons Level 1  
  40  4:57  Probe (Chrono Boost)  
  40  4:58  Probe (Chrono Boost)  
  42  5:02  Pylon  
  42  5:05  Assimilator  
  42  5:07  Probe (Chrono Boost)  
  42  5:09  Void Ray  
  42  5:10  Probe (Chrono Boost), Assimilator  
  48  5:18  Probe (Chrono Boost)  
  50  5:22  Probe (Chrono Boost)  
  50  5:24  Stalker  
  53  5:28  Probe (Chrono Boost)  
  53  5:36  Photon Cannon  
  53  5:39  Protoss Shields Level 1  
  53  5:41  Probe (Chrono Boost)  
  53  5:42  Probe (Chrono Boost)  
  55  5:49  Void Ray  
  59  6:01  Probe (Chrono Boost)  
  59  6:02  Probe (Chrono Boost)  
  57  6:48  Probe (Chrono Boost)  
  57  6:54  Photon Cannon  
  57  7:00  Probe (Chrono Boost)  
  59  7:09  Probe (Chrono Boost)  
  59  7:13  Probe (Chrono Boost)  
  60  7:17  Protoss Air Armor Level 1  
  60  7:19  Pylon  
  60  7:22  Nexus  
  60  7:24  Assimilator  
  60  7:27  Stalker  
  60  7:28  Assimilator  
  62  7:33  Void Ray x2  
  70  7:42  Fleet Beacon  
  70  7:47  Pylon  
  70  7:50  Pylon  
  70  7:54  Pylon  
  70  7:56  Photon Cannon  
  72  8:05  Probe x2 (Chrono Boost)  
  72  8:16  Void Ray  
  72  8:17  Probe x2 (Chrono Boost)  
  78  8:20  Stalker  
  78  8:24  Void Ray  
  84  8:29  Probe (Chrono Boost)  
  85  8:48  Probe (Chrono Boost)  
  88  8:49  Probe (Chrono Boost), Protoss Ground Weapons Level 1  
  88  8:50  Probe (Chrono Boost)  
  88  8:53  Protoss Air Weapons Level 2  
  88  8:58  Probe (Chrono Boost)  
  88  8:59  Void Ray  
  88  9:01  Probe (Chrono Boost)  
  94  9:07  Void Ray  
  98  9:10  Twilight Council  
  98  9:15  Probe (Chrono Boost)  
  100  9:17  Probe (Chrono Boost)  
  100  9:42  Void Ray  
  102  9:50  Void Ray  
  106  10:23  Photon Cannon  
  106  10:25  Protoss Shields Level 2  
  106  10:40  Pylon  
  106  10:41  Pylon  
  106  10:43  Pylon  
  106  10:45  Pylon  
  106  10:51  Protoss Air Armor Level 2  
  106  10:53  Void Ray  
  106  10:59  Void Ray  
  114  11:07  Probe x2 (Chrono Boost)  
  117  11:12  Probe (Chrono Boost)  
  118  11:19  Probe (Chrono Boost)  
  118  11:30  Void Ray  
  124  11:35  Probe x2 (Chrono Boost)  
  124  11:39  Stalker  
  132  12:19  Pylon  
  132  12:24  Pylon  
  132  12:25  Pylon x2  
  132  12:27  Pylon  
  132  12:28  Pylon  
  132  12:31  Void Ray  
  132  12:32  Pylon  
  132  12:35  Pylon  
  132  12:37  Void Ray  
  132  12:39  Pylon  
  140  13:08  Void Ray  
  140  13:19  Void Ray  
  148  13:46  Void Ray  
  152  14:02  Void Ray  
  155  14:30  Adept  
  161  14:46  Photon Cannon  
  161  14:48  Photon Cannon  
  161  14:50  Photon Cannon  
  161  14:52  Photon Cannon  
Show
View Real Time Build Order
Export as new Build Order

Loken Zerg 

Build Orders: Pool First, Muta Ling Bane 

Get SALT Encoding   

  12  0:02  Drone  
  13  0:12  Drone  
  14  0:19  Overlord  
  14  0:40  Drone x3  
  17  1:01  Drone  
  18  1:13  Spawning Pool, Hatchery  
  18  1:15  Drone  
  17  1:30  Drone  
  17  1:31  Drone  
  19  1:34  Extractor  
  18  1:58  Drone  
  18  1:59  Drone x2  
  21  2:10  Overlord, Extractor, Queen  
  22  2:28  Queen  
  24  2:31  Drone  
  25  2:37  Drone  
  25  2:41  Drone x2  
  28  2:52  Drone  
  29  3:05  Metabolic Boost  
  29  3:13  Zergling x10  
  34  3:25  Queen  
  36  3:28  Spine Crawler  
  36  3:30  Hatchery  
  30  3:42  Zergling x2  
  30  3:43  Zergling x8  
  32  3:59  Lair  
  32  4:05  Spine Crawler x2  
  28  4:12  Zergling x2  
  28  4:13  Zergling x12  
  35  4:27  Drone  
  33  4:50  Drone  
  33  4:51  Drone x4  
  38  4:53  Drone x2  
  38  4:58  Overlord  
  40  5:00  Queen  
  36  5:14  Drone  
  36  5:15  Drone x4  
  36  5:19  Drone x2  
  43  5:34  Spire  
  42  5:37  Drone x4  
  46  5:47  Extractor  
  46  5:49  Extractor  
  44  6:05  Baneling Nest  
  43  6:12  Evolution Chamber  
  43  6:14  Evolution Chamber  
  41  6:19  Drone x9  
  41  6:22  Overlord x5  
  50  6:52  Drone x6  
  56  7:09  Drone  
  56  7:10  Drone x5  
  56  7:13  Spine Crawler  
  61  7:19  Spine Crawler x2  
  59  7:27  Zergling x2  
  59  7:28  Zergling x28  
  74  7:31  Centrifical Hooks  
  74  7:34  Zerg Melee Weapons Level 1  
  74  7:35  Zerg Ground Armor Level 1  
  74  7:43  Drone x3  
  77  8:07  Hatchery  
  77  8:08  Queen  
  78  8:25  Spore Crawler  
  77  8:35  Infestation Pit, Zerg Flyer Weapons Level 1  
  77  8:37  Mutalisk  
  77  8:38  Mutalisk x6  
  79  9:07  Drone x3  
  79  9:08  Drone x3  
  60  9:35  Zergling x2  
  60  9:36  Zergling x34  
  78  10:09  Overlord  
  78  10:10  Overlord x8  
  78  10:15  Hive  
  78  10:29  Mutalisk x5  
  78  10:30  Mutalisk x4  
  96  11:03  Baneling  
  96  11:04  Baneling x14  
  96  11:05  Baneling x18  
  96  11:06  Baneling  
  96  11:08  Baneling  
  96  11:09  Hatchery  
  95  11:12  Baneling  
  95  11:22  Zergling x10  
  95  11:23  Zergling x30  
  95  11:24  Zergling x2  
  116  11:31  Adrenal Glands  
  78  12:13  Zergling x26  
  78  12:14  Zergling x10  
  95  12:29  Queen  
  63  13:07  Mutalisk x5  
  63  13:08  Mutalisk x6  
  85  13:39  Zergling x2  
  85  13:40  Zergling x22  
  85  13:41  Zergling x2  
Show
View Real Time Build Order
Export as new Build Order

Myran Protoss 

Build Orders: Forge Fast Expand (FFE) 

Get SALT Encoding   

  12  0:03  Probe (Chrono Boost)  
  13  0:20  Probe (Chrono Boost)  
  14  0:22  Pylon  
  14  0:32  Probe (Chrono Boost)  
  15  0:42  Forge  
  15  1:03  Probe (Chrono Boost)  
  16  1:16  Probe (Chrono Boost)  
  17  1:24  Photon Cannon  
  17  1:37  Pylon  
  16  1:41  Probe (Chrono Boost), Nexus  
  18  1:54  Probe (Chrono Boost)  
  18  1:59  Gateway  
  18  2:02  Pylon  
  18  2:11  Assimilator  
  18  2:16  Probe (Chrono Boost)  
  19  2:31  Probe (Chrono Boost)  
  20  2:41  Probe (Chrono Boost)  
  21  2:49  Cybernetics Core  
  21  2:51  Pylon  
  21  2:52  Probe (Chrono Boost)  
  22  2:59  Assimilator  
  22  3:02  Probe (Chrono Boost)  
  22  3:04  Probe (Chrono Boost)  
  24  3:08  Assimilator  
  21  3:13  Assimilator  
  21  3:15  Probe (Chrono Boost)  
  19  3:27  Zealot  
  11  3:52  Photon Cannon  
  9  4:02  Probe (Chrono Boost)  
  4  4:16  Probe (Chrono Boost)  
  4  4:55  Probe (Chrono Boost)  
  5  5:05  Probe (Chrono Boost)  
  6  5:12  Probe (Chrono Boost)  
  7  5:16  Probe (Chrono Boost)  
  8  5:27  Probe (Chrono Boost)  
  9  5:30  Probe (Chrono Boost)  
  10  5:42  Probe (Chrono Boost)  
  11  5:46  Probe (Chrono Boost)  
  12  5:52  Probe (Chrono Boost)  
  13  6:11  Probe (Chrono Boost)  
  14  6:14  Probe (Chrono Boost)  
  15  6:21  Probe (Chrono Boost)  
  15  6:25  Probe (Chrono Boost)  
  17  6:30  Robotics Facility  
  17  6:32  Probe (Chrono Boost)  
  18  6:36  Probe (Chrono Boost)  
  19  6:42  Probe (Chrono Boost)  
  19  6:46  Probe (Chrono Boost)  
  21  6:53  Probe (Chrono Boost)  
  22  6:57  Probe (Chrono Boost)  
  23  7:03  Probe (Chrono Boost)  
  24  7:09  Photon Cannon  
  24  7:13  Probe (Chrono Boost)  
  24  7:14  Probe (Chrono Boost)  
  26  7:28  Probe (Chrono Boost)  
  27  7:39  Probe x2 (Chrono Boost)  
  29  7:50  Probe (Chrono Boost)  
  30  7:53  Immortal  
  34  8:00  Probe (Chrono Boost)  
  35  8:09  Probe (Chrono Boost)  
  35  8:11  Probe (Chrono Boost)  
  38  8:20  Probe (Chrono Boost)  
  38  8:22  Probe (Chrono Boost), Robotics Bay  
  38  8:24  Pylon  
  39  8:30  Probe (Chrono Boost)  
  39  8:32  Probe (Chrono Boost), Pylon  
  41  8:41  Probe (Chrono Boost)  
  42  8:43  Probe (Chrono Boost), Immortal  
  47  8:51  Probe (Chrono Boost)  
  47  8:53  Probe (Chrono Boost)  
  49  8:59  Protoss Ground Weapons Level 1  
  49  9:04  Probe (Chrono Boost)  
  49  9:09  Robotics Facility  
  50  9:11  Extended Thermal Lance  
  50  9:15  Probe (Chrono Boost)  
  51  9:23  Observer  
  51  9:24  Probe (Chrono Boost)  
  53  9:26  Probe (Chrono Boost)  
  54  9:34  Probe (Chrono Boost)  
  54  9:36  Probe (Chrono Boost)  
  56  9:43  Colossus  
  62  9:47  Probe (Chrono Boost)  
  62  9:52  Robotics Facility  
  63  9:58  Colossus  
  69  10:01  Nexus  
  69  10:06  Probe (Chrono Boost)  
  70  10:22  Pylon  
  70  10:24  Pylon  
  70  10:27  Pylon  
  70  10:31  Pylon  
  70  10:40  Colossus, Probe (Chrono Boost)  
  71  10:45  Colossus  
  71  10:49  Colossus  
  89  11:03  Pylon  
  90  11:18  Probe (Chrono Boost)  
  90  11:23  Assimilator  
  90  11:27  Assimilator  
  90  11:29  Probe (Chrono Boost), Pylon  
  90  11:30  Immortal  
  91  11:33  Pylon  
  91  11:39  Probe (Chrono Boost)  
  96  11:40  Colossus, Pylon  
  96  11:43  Immortal  
  100  11:50  Probe (Chrono Boost)  
  107  11:57  Observer Gravitic Boosters  
  107  12:00  Probe (Chrono Boost)  
  108  12:06  Observer  
  109  12:20  Probe (Chrono Boost)  
  110  12:26  Colossus  
  110  12:29  Immortal  
  110  12:31  Probe (Chrono Boost)  
  110  12:33  Colossus  
  127  12:42  Probe (Chrono Boost)  
  128  12:52  Probe (Chrono Boost)  
  129  13:03  Probe (Chrono Boost)  
  130  13:07  Immortal  
  62  14:00  Probe (Chrono Boost)  
  55  14:11  Probe (Chrono Boost)  
  48  14:21  Probe (Chrono Boost)  
  47  14:32  Probe (Chrono Boost)  
  42  14:43  Probe (Chrono Boost)  
Show
View Real Time Build Order
Export as new Build Order

dallaskuken Protoss 

Build Orders: Oracle Opening 

Get SALT Encoding   

  12  0:01  Probe (Chrono Boost)  
  13  0:13  Probe (Chrono Boost)  
  14  0:21  Pylon  
  14  0:24  Probe (Chrono Boost)  
  15  0:39  Probe (Chrono Boost)  
  16  0:46  Gateway  
  16  0:50  Probe (Chrono Boost)  
  16  0:54  Assimilator  
  17  1:00  Probe (Chrono Boost)  
  18  1:05  Pylon  
  19  1:11  Probe (Chrono Boost)  
  19  1:22  Probe (Chrono Boost), Assimilator  
  20  1:33  Cybernetics Core  
  20  1:45  Zealot  
  22  1:49  Probe (Chrono Boost)  
  23  2:00  Probe (Chrono Boost)  
  24  2:08  Nexus  
  24  2:11  Probe (Chrono Boost)  
  25  2:21  Probe (Chrono Boost)  
  26  2:30  Stargate  
  26  2:32  Probe (Chrono Boost)  
  27  2:39  Pylon  
  27  2:40  Warp Gate  
  27  2:42  Probe (Chrono Boost)  
  28  2:47  Pylon  
  28  2:53  Probe (Chrono Boost)  
  29  3:04  Probe (Chrono Boost)  
  30  3:14  Probe (Chrono Boost), Oracle  
  34  3:22  Stalker  
  34  3:25  Probe (Chrono Boost)  
  37  3:36  Mothership Core (Chrono Boost)  
  37  3:52  Stalker  
  39  4:25  Void Ray  
  37  5:20  Void Ray  
  41  5:22  Probe (Chrono Boost)  
  41  5:26  Probe (Chrono Boost)  
  43  5:29  Assimilator  
  43  5:33  Probe (Chrono Boost), Assimilator  
  44  5:36  Probe (Chrono Boost), Gateway  
  44  5:37  Gateway  
  44  5:38  Gateway x2  
  44  5:39  Gateway  
  45  5:49  Twilight Council  
  45  5:53  Probe (Chrono Boost)  
  46  6:03  Probe (Chrono Boost)  
  47  6:10  Void Ray  
  51  6:14  Probe (Chrono Boost)  
  52  6:24  Probe (Chrono Boost)  
  53  6:35  Probe (Chrono Boost)  
  51  6:59  Void Ray  
  55  7:16  Dark Shrine  
  55  7:35  Probe (Chrono Boost)  
  56  7:42  Void Ray  
  60  7:46  Probe (Chrono Boost)  
  61  7:56  Probe (Chrono Boost)  
  62  8:02  Pylon  
  62  8:04  Pylon x2  
  62  8:05  Pylon  
  62  8:07  Pylon  
  62  8:09  Pylon  
  62  8:10  Pylon  
  62  8:16  Forge  
  62  8:20  Probe (Chrono Boost)  
  62  8:25  Void Ray  
  67  8:31  Probe (Chrono Boost)  
  67  8:34  Dark Templar x4  
  70  8:35  Dark Templar  
  78  8:41  Probe (Chrono Boost)  
  79  9:08  Void Ray  
  79  9:57  Void Ray  
  77  10:04  Stalker x6  
  81  10:40  Void Ray  
  65  10:51  Dark Templar x5  
  71  11:23  Void Ray  
  67  12:05  Void Ray  
  67  12:07  Stalker  
  67  12:08  Stalker x5  
  63  13:15  Nexus  
  57  13:21  Zealot x5  
Tags
 
Add a new tag
Caveats
  • Supply blocks, unpowered buildings, or Contaminate may cause inaccurate times.
  • Supply counts are checked every 10 seconds.